3L
ATHLETIC CLUB KC @ ECHO PARK LAKERS
09/14/2039
 
TOP OF THE 1ST
Athletic Club KC batting - Pitching for Echo Park Lakers : RHP Bernardo López
Pitching: RHP Bernardo López
Batting: LHB César Núñez 0-0: Called Strike
0-1: Called Strike
0-2: Ball
1-2: Ball
2-2: Ball
3-2: Fly out, F7 (Flyball, 78S, EV 88.1 MPH)
Batting: RHB Ali Ben Bongo 0-0: Called Strike
0-1: Ball
1-1: Ball
2-1: Ball
3-1: Swinging Strike
3-2: Fly out, F7 (Flyball, 7LSF, EV 98.8 MPH)
Batting: SHB Shiki Sanu 0-0: Ball
1-0: Ball
2-0: Ball
3-0: Base on Balls
Batting: LHB Héctor Velázquez 0-0: Fly out, F9 (Flyball, 9, EV 94.4 MPH)
Top of the 1st over - 0 runs, 0 hits, 0 errors, 1 left on base; Athletic Club KC 0 - Echo Park 0
BOTTOM OF THE 1ST
Echo Park Lakers batting - Pitching for Athletic Club KC : RHP Scotty Bingham
Pitching: RHP Scotty Bingham
Batting: LHB Wu-shun Chu 0-0: Ball
1-0: Foul Ball, location: 2F
1-1: Ball
2-1: Ball
3-1: Foul Ball, location: 2F
3-2: Strikes out swinging
Batting: RHB Ryoma Yamamoto 0-0: DOUBLE (Line Drive, 9LS, EV 96.9 MPH)
Batting: LHB Philip Todd 0-0: Ball
1-0: Fly out, F7 (Flyball, 7LS, EV 88.8 MPH)
Now in CF: Armando Rodríguez
Batting: LHB John Schaefer 0-0: 2-RUN HOME RUN (Flyball, 9LD, EV 102.5 MPH), Distance : 364 ft
Batting: RHB Kyu-cheol Kye 0-0: Called Strike
0-1: Foul Ball, location: 2F
0-2: Ball
1-2: Ball
2-2: Strikes out swinging
Bottom of the 1st over - 2 runs, 2 hits, 0 errors, 0 left on base; Athletic Club KC 0 - Echo Park 2
TOP OF THE 2ND
Athletic Club KC batting - Pitching for Echo Park Lakers : RHP Bernardo López
Batting: LHB José Rodríguez 0-0: Ball
1-0: Foul Ball, location: 2F
1-1: Ball
2-1: Foul Ball, location: 2F
2-2: Foul Ball, location: 2F
2-2: Foul Ball, location: 2F
2-2: DOUBLE (Line Drive, 3D, EV 102.5 MPH)
Batting: LHB Pablo Hernández 0-0: Called Strike
0-1: Foul Ball, location: 2F
0-2: Ball
1-2: Foul Ball, location: 2F
1-2: Ball
2-2: Ball
3-2: Strikes out swinging
Batting: RHB Tasuku Goto 0-0: Ball
1-0: Ground out 5-3 (Groundball, 5L, EV 111.2 MPH)
Batting: RHB Wade Tazewell 0-0: Ground out 1-3 (Groundball, 13, EV 88.1 MPH)
Top of the 2nd over - 0 runs, 1 hit, 0 errors, 1 left on base; Athletic Club KC 0 - Echo Park 2
BOTTOM OF THE 2ND
Echo Park Lakers batting - Pitching for Athletic Club KC : RHP Scotty Bingham
Batting: LHB Tomás Muinos 0-0: Ball
1-0: Fly out, F7 (Flyball, 78M, EV 93.8 MPH)
Batting: RHB Komotay Koffie 0-0: Foul Ball, location: 2F
0-1: Foul Ball, location: 2F
0-2: Ball
1-2: Ball
2-2: Ground out 6-3 (Groundball, 6, EV 96.2 MPH)
Batting: SHB Ryan Wood 0-0: Ball
1-0: Called Strike
1-1: Ball
2-1: Called Strike
2-2: Ball
3-2: Strikes out swinging
Bottom of the 2nd over - 0 runs, 0 hits, 0 errors, 0 left on base; Athletic Club KC 0 - Echo Park 2
TOP OF THE 3RD
Athletic Club KC batting - Pitching for Echo Park Lakers : RHP Bernardo López
Batting: RHB Armando Altagracia 0-0: Fly out, F8 (Line Drive, 8RM, EV 85.6 MPH)
Batting: RHB Armando Rodríguez 0-0: Called Strike
0-1: Swinging Strike
0-2: Ball
1-2: Ball
2-2: Ball
3-2: Foul Ball, location: 2F
3-2: Strikes out swinging
Batting: RHB Ali Ben Bongo 0-0: Foul Ball, location: 2F
0-1: Ball
1-1: Foul Ball, location: 2F
1-2: SINGLE (Line Drive, 34, EV 96.2 MPH)
Batting: SHB Shiki Sanu 0-0: Ball
Ali Ben Bongo steals 2nd base
1-0: Ball
2-0: Ball
3-0: Foul Ball, location: 2F
3-1: Base on Balls
Batting: LHB Héctor Velázquez 0-0: Ball
1-0: Foul Ball, location: 2F
1-1: Fly out, F1 (Line Drive, P, EV 69.4 MPH)
Top of the 3rd over - 0 runs, 1 hit, 0 errors, 2 left on base; Athletic Club KC 0 - Echo Park 2
BOTTOM OF THE 3RD
Echo Park Lakers batting - Pitching for Athletic Club KC : RHP Scotty Bingham
Batting: RHB Felipe Campos 0-0: Called Strike
0-1: SINGLE (Line Drive, 89S, EV 102.5 MPH)
Batting: LHB Wu-shun Chu 0-0: Foul Ball, location: 2F
0-1: Ball
1-1: Ball
2-1: Foul Ball, location: 2F
2-2: Fielders Choice at 2nd, 1-6 (Groundball, P, EV 82.5 MPH)
Batting: RHB Ryoma Yamamoto 0-0: Called Strike
Wu-shun Chu steals 2nd base
0-1: Ball
1-1: Ball
2-1: SINGLE (Groundball, 6MD, EV 98.8 MPH)
Wu-shun Chu to third
Batting: LHB Philip Todd 0-0: Fly out, F7 (Flyball, 7D, EV 102.5 MPH)
Runner from 3rd tags up, SCORES, no throw by LF
Batting: LHB John Schaefer 0-0: Called Strike
0-1: Foul Ball, location: 2F
0-2: Strikes out swinging
Bottom of the 3rd over - 1 run, 2 hits, 0 errors, 1 left on base; Athletic Club KC 0 - Echo Park 3
TOP OF THE 4TH
Athletic Club KC batting - Pitching for Echo Park Lakers : RHP Bernardo López
Batting: LHB José Rodríguez 0-0: Ball
1-0: SINGLE (Groundball, 25, EV 63.8 MPH) (infield hit)
Batting: LHB Pablo Hernández 0-0: Called Strike
0-1: Foul Ball, location: 2F
0-2: DOUBLE (Line Drive, 7LS, EV 88.1 MPH)
José Rodríguez to third
Batting: RHB Tasuku Goto 0-0: Ball
1-0: Foul Ball, location: 2F
1-1: 3-RUN HOME RUN (Flyball, 7D, EV 111.2 MPH), Distance : 389 ft
Batting: RHB Wade Tazewell 0-0: Ball
1-0: Ball
2-0: Swinging Strike
2-1: Ball
3-1: Swinging Strike
3-2: Strikes out looking
Batting: RHB Armando Altagracia 0-0: Ball
1-0: Fly out, F8 (Flyball, 8LM, EV 78.8 MPH)
Batting: RHB Armando Rodríguez 0-0: Ball
1-0: Ground out 6-3 (Groundball, 56, EV 80.0 MPH)
Top of the 4th over - 3 runs, 3 hits, 0 errors, 0 left on base; Athletic Club KC 3 - Echo Park 3
BOTTOM OF THE 4TH
Echo Park Lakers batting - Pitching for Athletic Club KC : RHP Scotty Bingham
Batting: RHB Kyu-cheol Kye 0-0: Swinging Strike
0-1: Swinging Strike
0-2: Ball
1-2: Ball
2-2: Ground out 6-3 (Groundball, 6, EV 83.8 MPH)
Batting: LHB Tomás Muinos 0-0: Fly out, F7 (Flyball, 78D, EV 91.2 MPH)
Batting: RHB Komotay Koffie 0-0: Called Strike
0-1: Called Strike
0-2: Ball
1-2: Strikes out swinging
Bottom of the 4th over - 0 runs, 0 hits, 0 errors, 0 left on base; Athletic Club KC 3 - Echo Park 3
TOP OF THE 5TH
Athletic Club KC batting - Pitching for Echo Park Lakers : RHP Bernardo López
Batting: RHB Ali Ben Bongo 0-0: Swinging Strike
0-1: Ball
1-1: TRIPLE (Flyball, 9D, EV 97.5 MPH)
Batting: SHB Shiki Sanu 0-0: Ball
1-0: Ball
2-0: Ball
3-0: Base on Balls
Batting: LHB Héctor Velázquez 0-0: Called Strike
0-1: Ball
1-1: Swinging Strike
1-2: Ball
2-2: Foul Ball, location: 2F
2-2: Foul Ball, location: 2F
2-2: Strikes out looking
Pitching: RHP Ken Peterson
Batting: LHB José Rodríguez 0-0: Foul Ball, location: 2F
0-1: Fielders Choice at 2nd, 1-6 (Groundball, 34S, EV 63.8 MPH)
Batting: LHB Pablo Hernández 0-0: Swinging Strike
0-1: Ball
1-1: Ball
2-1: Swinging Strike
2-2: 3-RUN HOME RUN (Flyball, 9LD, EV 105.0 MPH), Distance : 397 ft
Batting: RHB Tasuku Goto 0-0: Ball
1-0: Called Strike
1-1: Ball
2-1: SOLO HOME RUN (Flyball, 9LD, EV 99.4 MPH), Distance : 356 ft
Batting: RHB Wade Tazewell 0-0: Called Strike
0-1: Foul Ball, location: 2F
0-2: Ball
1-2: Strikes out looking
Top of the 5th over - 4 runs, 3 hits, 0 errors, 0 left on base; Athletic Club KC 7 - Echo Park 3
BOTTOM OF THE 5TH
Echo Park Lakers batting - Pitching for Athletic Club KC : RHP Scotty Bingham
Batting: SHB Ryan Wood 0-0: Foul Ball, location: 2F
0-1: Ball
1-1: Called Strike
1-2: DOUBLE (Line Drive, 8LXD, EV 108.8 MPH)
Batting: RHB Felipe Campos 0-0: Ball
1-0: Called Strike
1-1: Foul Ball, location: 2F
1-2: Strikes out swinging
Batting: LHB Wu-shun Chu 0-0: Ball
1-0: SINGLE (Groundball, 4MD, EV 95.6 MPH)
Ryan Wood to third
Batting: RHB Ryoma Yamamoto 0-0: Ball
1-0: Ball
2-0: Foul Ball, location: 2F
2-1: Called Strike
2-2: Foul Ball, location: 2F
2-2: Foul Ball, location: 2F
2-2: Ground out 6-3 (Groundball, 6, EV 83.8 MPH)
Ryan Wood scores
Wu-shun Chu to second
Batting: LHB Philip Todd 0-0: Called Strike
0-1: Fly out, F7 (Flyball, 7, EV 96.2 MPH)
Bottom of the 5th over - 1 run, 2 hits, 0 errors, 1 left on base; Athletic Club KC 7 - Echo Park 4
TOP OF THE 6TH
Athletic Club KC batting - Pitching for Echo Park Lakers : RHP Ken Peterson
Batting: RHB Armando Altagracia 0-0: Called Strike
0-1: DOUBLE (Flyball, 89XD, EV 103.8 MPH)
Batting: RHB Armando Rodríguez 0-0: Ball
1-0: Fly out, F4 (Popup, 23, EV 87.5 MPH)
Batting: RHB Ali Ben Bongo 0-0: Fly out, F8 (Flyball, 8RD, EV 99.4 MPH)
Batting: SHB Shiki Sanu 0-0: Called Strike
0-1: Ball
1-1: Ball
2-1: Ball
3-1: Foul Ball, location: 2F
3-2: SINGLE (Line Drive, 34D, EV 106.2 MPH)
Armando Altagracia to third
Armando Altagracia scores
Pitching: RHP Bobby Roode
Batting: LHB Héctor Velázquez 0-0: Called Strike
0-1: Ball
1-1: Ground out 4-3 (Groundball, 4, EV 103.1 MPH)
Top of the 6th over - 1 run, 2 hits, 0 errors, 1 left on base; Athletic Club KC 8 - Echo Park 4
BOTTOM OF THE 6TH
Echo Park Lakers batting - Pitching for Athletic Club KC : RHP Scotty Bingham
Batting: LHB John Schaefer 0-0: Swinging Strike
0-1: Ball
1-1: Foul Ball, location: 2F
1-2: Strikes out looking
Batting: RHB Kyu-cheol Kye 0-0: Called Strike
0-1: Swinging Strike
0-2: Ball
1-2: Foul Ball, location: 2F
1-2: Fly out, F8 (Flyball, 8RM, EV 88.1 MPH)
Batting: LHB Tomás Muinos 0-0: Called Strike
0-1: TRIPLE (Flyball, 78XD, EV 95.0 MPH)
Batting: RHB Komotay Koffie 0-0: Ball
1-0: Called Strike
Balk!
Tomás Muinos scores
1-1: Swinging Strike
1-2: Foul Ball, location: 2F
1-2: Ball
2-2: Fly out, F4 (Popup, 4D, EV 70.6 MPH)
Bottom of the 6th over - 1 run, 1 hit, 0 errors, 0 left on base; Athletic Club KC 8 - Echo Park 5
TOP OF THE 7TH
Athletic Club KC batting - Pitching for Echo Park Lakers : RHP Bobby Roode
Batting: LHB José Rodríguez 0-0: Foul Ball, location: 2F
0-1: Foul Ball, location: 2F
0-2: Ball
1-2: Strikes out swinging
Batting: LHB Pablo Hernández 0-0: Called Strike
0-1: Called Strike
0-2: Strikes out looking
Batting: RHB Tasuku Goto 0-0: Called Strike
0-1: Ball
1-1: Ball
2-1: Ball
3-1: Base on Balls
Batting: RHB Wade Tazewell 0-0: Called Strike
Tasuku Goto steals 2nd base
0-1: Ball
1-1: Fly out, F8 (Line Drive, 8RD, EV 89.4 MPH)
Top of the 7th over - 0 runs, 0 hits, 0 errors, 1 left on base; Athletic Club KC 8 - Echo Park 5
BOTTOM OF THE 7TH
Echo Park Lakers batting - Pitching for Athletic Club KC : RHP Scotty Bingham
Pitching: LHP Indigo Diaz
Batting: SHB Ryan Wood 0-0: Ball
1-0: Swinging Strike
1-1: Ball
2-1: Foul Ball, location: 2F
2-2: Strikes out looking
Batting: RHB Felipe Campos 0-0: Ball
1-0: Ground out 3-1 (Groundball, 34, EV 77.5 MPH)
Batting: LHB Wu-shun Chu 0-0: Foul Ball, location: 2F
0-1: Called Strike
0-2: Foul Ball, location: 2F
0-2: Ball
1-2: Foul Ball, location: 2F
1-2: SINGLE (Line Drive, 9S, EV 95.6 MPH)
Batting: RHB Ryoma Yamamoto 0-0: Ball
1-0: Ball
2-0: Called Strike
2-1: Called Strike
2-2: Ground out 2-3 (Groundball, 2L, EV 69.4 MPH)
Bottom of the 7th over - 0 runs, 1 hit, 0 errors, 1 left on base; Athletic Club KC 8 - Echo Park 5
TOP OF THE 8TH
Athletic Club KC batting - Pitching for Echo Park Lakers : RHP Bobby Roode
Batting: RHB Armando Altagracia 0-0: Foul Ball, location: 2F
0-1: Fly out, F3 (Popup, 3SF, EV 66.9 MPH)
Batting: RHB Armando Rodríguez 0-0: Foul Ball, location: 2F
0-1: Ball
1-1: Foul Ball, location: 2F
1-2: SINGLE (Line Drive, 8RS, EV 101.2 MPH)
Batting: RHB Ali Ben Bongo 0-0: Ball
1-0: Ball
2-0: Foul Ball, location: 2F
2-1: Ball
3-1: Foul Ball, location: 2F
3-2: Base on Balls
Armando Rodríguez to second
Batting: SHB Shiki Sanu 0-0: Ball
1-0: Called Strike
1-1: Foul Ball, location: 2F
1-2: DOUBLE (Flyball, 7LD, EV 95.0 MPH)
Armando Rodríguez scores
Ali Ben Bongo to third
Runner from 3rd tries for Home, SAFE, throw by LF to home
Pitching: LHP Luis Díaz
Batting: LHB Héctor Velázquez 0-0: Ball
1-0: Ground out 4-3 (Groundball, 4, EV 107.5 MPH)
Shiki Sanu to third
Batting: LHB José Rodríguez 0-0: Ball
1-0: Ball
2-0: Called Strike
2-1: Foul Ball, location: 2F
2-2: Ball
3-2: Foul Ball, location: 2F
3-2: Foul Ball, location: 2F
3-2: Base on Balls
Batting: LHB Pablo Hernández 0-0: Foul Ball, location: 2F
0-1: Ball
1-1: Called Strike
1-2: SINGLE (Flyball, 9LM, EV 88.1 MPH)
Shiki Sanu scores
José Rodríguez to second
Runner from 2nd tries for 3rd, SAFE, no throw by RF
Batting: RHB Tasuku Goto 0-0: Ball
1-0: Swinging Strike
1-1: Foul Ball, location: 2F
1-2: Ball
2-2: Foul Ball, location: 2F
2-2: Strikes out swinging
Top of the 8th over - 3 runs, 3 hits, 0 errors, 2 left on base; Athletic Club KC 11 - Echo Park 5
BOTTOM OF THE 8TH
Echo Park Lakers batting - Pitching for Athletic Club KC : LHP Indigo Diaz
Batting: LHB Philip Todd 0-0: Foul Ball, location: 2F
0-1: Ball
1-1: Swinging Strike
1-2: SINGLE (Groundball, 4D, EV 97.5 MPH)
Batting: LHB John Schaefer 0-0: Ball
1-0: Swinging Strike
1-1: Ball
2-1: Foul Ball, location: 2F
2-2: Foul Ball, location: 2F
2-2: Ball
3-2: Fly out, F3 (Popup, 3, EV 63.1 MPH)
Batting: RHB Kyu-cheol Kye 0-0: Ball
1-0: Ball
2-0: TRIPLE (Flyball, 8LXD, EV 96.9 MPH)
Philip Todd scores
Batting: LHB Tomás Muinos 0-0: Ball
1-0: Ball
Passed Ball!
Kyu-cheol Kye scores
2-0: Called Strike
2-1: Foul Ball, location: 2F
2-2: SINGLE (Line Drive, 4M, EV 102.5 MPH)
Batting: RHB Komotay Koffie 0-0: Called Strike
0-1: Called Strike
0-2: Foul Ball, location: 2F
0-2: Foul Ball, location: 2F
0-2: Foul Ball, location: 2F
0-2: Foul Ball, location: 2F
0-2: Grounds into double play, 5-4-3 (Groundball, 56S, EV 90.0 MPH)
Bottom of the 8th over - 2 runs, 3 hits, 0 errors, 0 left on base; Athletic Club KC 11 - Echo Park 7
TOP OF THE 9TH
Athletic Club KC batting - Pitching for Echo Park Lakers : LHP Luis Díaz
Batting: RHB Wade Tazewell 0-0: Ball
1-0: Called Strike
1-1: Ball
2-1: Swinging Strike
2-2: Ball
3-2: Ground out 4-3 (Groundball, 4MS, EV 71.9 MPH)
Batting: RHB Armando Altagracia 0-0: Ball
1-0: Foul Ball, location: 2F
1-1: Ground out 4-3 (Groundball, 4, EV 99.4 MPH)
Batting: RHB Armando Rodríguez 0-0: Called Strike
0-1: Ball
1-1: Ball
2-1: Foul Ball, location: 2F
2-2: Strikes out swinging
Top of the 9th over - 0 runs, 0 hits, 0 errors, 0 left on base; Athletic Club KC 11 - Echo Park 7
BOTTOM OF THE 9TH
Echo Park Lakers batting - Pitching for Athletic Club KC : LHP Indigo Diaz
Batting: SHB Ryan Wood 0-0: Called Strike
0-1: Swinging Strike
0-2: Foul Ball, location: 2F
0-2: Ball
1-2: Foul Ball, location: 2F
1-2: Foul Ball, location: 2F
1-2: DOUBLE (Line Drive, 8LXD, EV 105.6 MPH)
Pitching: LHP Francisco González
Batting: RHB Felipe Campos 0-0: Ball
1-0: Ball
2-0: Ball
3-0: Called Strike
3-1: Called Strike
3-2: Foul Ball, location: 2F
3-2: Fly out, F3 (Popup, 34, EV 69.4 MPH)
Batting: LHB Wu-shun Chu 0-0: Foul Ball, location: 2F
0-1: Fly out, F7 (Flyball, 7S, EV 82.5 MPH)
Batting: RHB Ryoma Yamamoto 0-0: Swinging Strike
0-1: Called Strike
0-2: Strikes out looking
Bottom of the 9th over - 0 runs, 1 hit, 0 errors, 1 left on base; Athletic Club KC 11 - Echo Park 7
Wednesday, July 8th, 2020 - OOTP Baseball 20.8 Build 74